 Dungeon Crawl Stone Soup version 0.28-a0-1510-gd0f6b136d3 (webtiles) character file.

Game seed: 5595607846214858769

16 psuckher the Digger (level 2, -3/15 HPs)
             Began as a Gargoyle Earth Elementalist on Jan 14, 2022.
             Was a Believer of Elyvilon.
             Slain by a goblin (4 damage)
             ... led by Robin
             ... on level 2 of the Dungeon.
             The game lasted 00:07:58 (894 turns).

psuckher the Digger (Gargoyle Earth Elementalist)    Turns: 894, Time: 00:08:00

Health: -3/15      AC:  7    Str: 11    XL:     2   Next: 54%
Magic:  0/5        EV: 10    Int: 15    God:    Elyvilon [**....]
Gold:   49         SH:  0    Dex: 10    Spells: 2/5 levels left

rFire   . . .      SeeInvis .   g - staff of conjuration
rCold   . . .      Faith    .   (no shield)
rNeg    + . .      Spirit   .   d - +0 ring mail
rPois   ∞          Reflect  .   (no helmet)
rElec   +          Harm     .   (no cloak)
rCorr   .          Rampage  .   (no gloves)
Will    .....                   (no boots)
Stlth   +.........              (no amulet)
HPRegen 0.05/turn               (no ring)
MPRegen 0.09/turn               (no ring)

@: no status effects
A: sickness immunity, AC +2, negative energy resistance 1, electricity
resistance, torment resistance 1, petrification resistance
a: Renounce Religion, Purification, Heal Other


You were on level 2 of the Dungeon.
You worshipped Elyvilon.
Elyvilon was pleased with you.
You visited 1 branch of the dungeon, and saw 2 of its levels.

You collected 49 gold pieces.

Inventory:

Missiles
 a - 17 sling bullets
 c - 50 stones
Armour
 b - a +0 robe
 d - a +0 ring mail (worn)
Magical Staves
 g - a staff of conjuration (weapon)
Potions
 f - a potion of heal wounds {unknown}


   Skills:
 + Level 0.7 Armour
 + Level 1.5 Dodging
 + Level 2.2 Stealth
 + Level 2.3 Spellcasting
 + Level 0.7 Transmutations
 + Level 4.1 Earth Magic


You had 2 spell levels left.
You knew the following spells:

 Your Spells              Type           Power      Damage    Failure   Level
a - Sandblast             Erth           28%        2d8       10%         1
b - Passwall              Tmut/Erth      7%         N/A       28%         2

Your spell library contained the following spells:

 Spells                   Type           Power      Damage    Failure   Level
 Pain                     Necr           4%         1d4       47%         1
 Stone Arrow              Conj/Erth      22%        3d8       56%         3
 Petrify                  Tmut/Erth      9%         N/A       88%         4
 Agony                    Necr           1%         N/A       100%        5
 Excruciating Wounds      Necr           0%         N/A       100%        5


Dungeon Overview and Level Annotations

Branches:
Dungeon (2/15)

Altars:
Elyvilon

Shops:
D:1 :((*

Annotations:
D:2 Robin


Innate Abilities, Weirdness & Mutations

You are immune to sickness and miasma.
Your stone body is resilient. (AC +2)
You are immune to poison.
You resist negative energy. (rN+)
You are resistant to electric shocks. (rElec)
You are resistant to unholy torment.
You are immune to petrification.


Message History

You completely miss the goblin. The goblin barely misses you.
The hobgoblin misses you. The hobgoblin closely misses you.
The goblin hits you with a +0 club.
You closely miss the goblin. The hobgoblin misses you.
The hobgoblin barely misses you.
The goblin hits you but does no damage. x2
There is a stone staircase leading up here.
You hit the goblin but do no damage. The hobgoblin closely misses you.
Robin roars a battlecry!
The goblins go into a battle-frenzy!
The goblin closely misses you. The goblin barely misses you.
The goblin closely misses you.
Your magical contamination has completely faded away.
You hit the goblin.
The goblin is moderately wounded.
The hobgoblin hits you. x2
* * * LOW HITPOINT WARNING * * *
The goblin closely misses you. x3; The hobgoblin closely misses you. x2
You hit the hobgoblin but do no damage. The goblin misses you.
The goblin hits you with a +0 club.
* * * LOW HITPOINT WARNING * * *
The goblin hits you with a +0 dagger.
* * * LOW HITPOINT WARNING * * *
The hobgoblin hits you but does no damage.
The hobgoblin misses you.
As you read the scroll labelled ZEUSSO COZIE, it crumbles to dust.
It is a scroll of enchant weapon.
You aren't carrying any weapons that can be enchanted.
The goblin hits you but does no damage. The goblin hits you with a +0 club.
* * * LOW HITPOINT WARNING * * *
The goblin hits you with a +0 dagger. Elyvilon protects you from harm!
The hobgoblin hits you but does no damage.
The hobgoblin barely misses you.
Aiming: Sandblast (safe; 10% risk of failure)
Press: ? - help, Q - select action, (/) - cycle Shift-Dir - straight line, f/p - hobgoblin
Aim: a hobgoblin (strong, 79% to hit)
The blast of sand hits the hobgoblin!
You kill the hobgoblin!
The goblin hits you with a +0 club.
You die...

#########
#.g.@gg.#
#..gggg.#
#..gg)..#
#...†...#
####g#...#
#.###.#
... ...
... .:.
... #.


You could see Robin, a hobgoblin (strong) and 8 goblins.

Vanquished Creatures
  3 ball pythons (D:1)
  A bat (D:1)
  An endoplasm (D:1)
  2 goblins (D:1)
  2 hobgoblins (D:2)
  A quokka (D:1)
  A frilled lizard (D:1)
  2 kobolds
  A rat (D:2)
14 creatures vanquished.

Notes
Turn   | Place    | Note
-------+----------+-------------------------------------------
     0 | D:1      | psuckher the Gargoyle Earth Elementalist began the quest
                  | for the Orb.
     0 | D:1      | Reached XP level 1. HP: 10/10 MP: 3/3
   107 | D:1      | Found Efo Urchi's General Store.
   221 | D:1      | Found a faded altar of an unknown god.
   234 | D:1      | Prayed at the altar of an unknown god.
   234 | D:1      | Became a worshipper of Elyvilon the Healer
   234 | D:1      | Reached * piety under Elyvilon
   270 | D:1      | Found Sucahen's Book Boutique.
   560 | D:1      | Found Yghorosh's Antique Weapon Shoppe.
   566 | D:1      | Reached XP level 2. HP: 12/15 MP: 5/5
   580 | D:1      | Learned a level 2 spell: Passwall
   590 | D:1      | Reached skill level 4 in Earth Magic
   692 | D:1      | Found Jillaul's Weapon Shop.
   826 | D:1      | Reached ** piety under Elyvilon
   884 | D:2      | Noticed Robin
   893 | D:2      | Elyvilon protects you from harm!
   894 | D:2      | Slain by a goblin

Illustrated notes

Levels and vault maps discovered:
D:1:      lemuel_arrival_river_ford, layout_basic, serial_shops,
          nicolae_diamond_shop, nicolae_shop_bloodbath_and_beyond, shop,
          nicolae_shop_window_shopping, ebering_ecumenical_altar_petrified,
          grunt_decor_arrowhead
D:2:      layout_rooms, uniq_robin

Skill      XL: |  1  2 |
---------------+-------+-----
Earth Magic    | 4 |  4.1
Armour         | |  0.7
Dodging        | |  1.5
Stealth        | |  2.2
Spellcasting   | |  2.3
Transmutations | |  0.7

Action                   || total
-------------------------++-------
Melee: Unarmed           ||    28
       Staff             ||     6
       Punch             ||     1
 Cast: Sandblast         ||    11
  Use: Scroll            ||     3
Armor: Robe              ||     8
       Ring mail         ||    14
Dodge: Dodged            ||    32

Table legend: (Time is in decaauts)
 A = Elapsed time spent in this place.
 B = Non-inter-level travel time spent in this place.
 C = Inter-level travel time spent in this place.
 D = Time resting spent in this place.
 E = Time spent auto-exploring this place.
 F = Levels seen in this place.
 G = Mean time per level.
                   A        B        C        D        E       F      G
               +--------+--------+--------+--------+--------+-----+--------+
         Total |    907 |    791 |    116 |      0 |      0 |   2 |  453.5 |
       Dungeon |    907 |    791 |    116 |      0 |      0 |   2 |  453.5 |
               +--------+--------+--------+--------+--------+-----+--------+

Top non-repeatable levels by time:
     D:1: 888 daAuts
     D:2: 18 daAuts
